Unix NetHack Version 5.0.0-0 post-release - last build May  4 2026 22:22:43 (774f63e81ad911689b3a0859ea89b322d5daca8d,branch:main).

Game began 2026-05-08 15:21:16, ended 2026-05-08 15:48:48.

DiePARTEI, neutral male gnomish Archeologist

            ----   ---
            -..----|.----
            ......-|....
           --...@..|...-
           |.....-.|...|
           |......a....|
--         ---...@-....|
 .     -------....*..---
 -.    |........----.|
  ..-  |.----..--  ---
   ..  |.|  ----
    .  |.|
    -.-|.|
    |..|.|
     -...|
   ---...|
   -.<..--
  |.....|
  --...--
   -----

DiePARTEI the Investigator  St:7 Dx:12 Co:11 In:15 Wi:17 Ch:9  Neutral
Dlvl:8  $:0  HP:0(43) Pw:26(26) AC:-1 Xp:6 T:3206  Burdened

Latest messages:
 What do you want to wield? [- ae or ?*] a
 a - a +2 bullwhip named poisres (weapon in right hand).
 The jaguar just misses!
 The jaguar misses!
 The jaguar bites!
 You lash the jaguar.
 The jaguar misses!
 The jaguar misses!
 The jaguar bites!
 The jaguar misses!
 The jaguar just misses!
 The jaguar bites!
 You lash the jaguar.
 The jaguar hits!
 The jaguar misses!
 The jaguar bites!
 The jaguar hits!
 The jaguar misses!
 The jaguar misses!
 You lash the jaguar.
 The jaguar hits!
 The jaguar misses!
 The jaguar misses!
 You lash the jaguar.
 The jaguar just misses!
 The jaguar hits!
 The jaguar misses!
 You kill the jaguar!
 You see here a jaguar corpse.
 There is a jaguar corpse here; eat it? [ynq] (n) y
 This jaguar corpse is gamey.
 You feel an unexpected draft.
 You finish eating the jaguar corpse.
 You stop searching.
 In what direction? 6
 Snap!
 The soldier ant bites!
 The soldier ant stings!
 The soldier ant bites!
 The soldier ant misses!
 The soldier ant bites!
 The soldier ant misses!
 The soldier ant bites!
 The soldier ant stings!
 You die...
 Do you want your possessions identified? [ynq] (y) y
 Do you want to see your attributes? [ynq] (y) y
 Do you want an account of creatures vanquished? [ynaq] (y) y
 Do you want to see your conduct and achievements? [ynq] (y) y
 Do you want to see the dungeon overview? [ynq] (y) y

Inventory:
 Amulets  ('"')
  r - an uncursed amulet of flying
 Weapons  (')')
  a - a +2 bullwhip named poisres (weapon in right hand)
 Armor    ('[')
  I - an uncursed +0 elven leather helm
  c - an uncursed +0 fedora (being worn)
  k - a blessed greased +2 gray dragon scale mail (being worn)
 Comestibles  ('%')
  d - 3 uncursed food rations
  C - an uncursed food ration
 Scrolls  ('?')
  p - a cursed scroll of blank paper
  W - an uncursed scroll of charging
  X - an uncursed scroll of create monster
  U - a blessed scroll of remove curse
 Potions  ('!')
  H - a blessed potion of full healing
  Y - a cursed potion of healing
  y - an uncursed potion of restore ability
  G - an uncursed potion of see invisible
 Rings    ('=')
  M - an uncursed ring of sustain ability
 Wands    ('/')
  h - a wand of create monster (0:10)
  Z - a wand of locking (0:7)
  T - a wand of opening (0:3)
 Tools    ('(')
  s - an uncursed sack containing 1 item
  E - an uncursed brass lantern
  e - a +0 pick-axe (alternate weapon; not wielded)
  n - an uncursed skeleton key
  f - a tinning kit (0:73)
 Gems/Stones  ('*')
  Q - 2 uncursed sapphires
  g - an uncursed touchstone

Contents of the sack:
  3127 gold pieces

DiePARTEI the Archeologist's attributes:

Background:
 You were an Investigator, a level 6 male gnomish Archeologist.
 You were neutral, on a mission for Camaxtli
 who was opposed by Quetzalcoatl (lawful) and Huhetotl (chaotic).
 You were right-handed.
 You were in the Gnomish Mines, on level 8.
 You entered the dungeon 3206 turns ago.
 You had 617 experience points, 23 more were needed to attain level 7.

Basics:
 You had 0 out of 43 hit points.
 You had all 26 energy points (spell power).
 Your armor class was -1.
 Your wallet was empty, but
 you had 3127 zorkmids stashed away in your pack.
 Autopickup was off.

Final Characteristics:
 Your strength was 7 (peak:10, limit:18/50).
 Your dexterity was 12 (limit:18).
 Your constitution was 11 (limit:18).
 Your intelligence was 15 (limit:19).
 Your wisdom was 17 (limit:18).
 Your charisma was 9 (limit:18).

Final Status:
 You weren't hungry.
 You were burdened; movement was slightly slowed.
 You were wielding a whip.
 You had basic skill with whip.

Final Attributes:
 You were piously aligned.
 You were magic-protected.
 You were poison resistant.
 You had automatic searching.
 You had infravision.
 You were stealthy.
 You were lucky.
 You are dead.

Miscellaneous:
 You didn't encounter any bones levels.
 Total elapsed playing time was 27 minutes and 31 seconds.

Major events:
 Turn
    1: DiePARTEI the neutral male gnomish Archeologist entered the dungeon
  376: made his first wish - "blessed greased +2 gray dragon scale mail", got "a greased gray dragon scale mail"
  589: wished for "blessed greased rustproof +2 gauntlets of power", got "a greased pair of riding gloves"
 1483: attained the rank of Field Worker (level 3)
 2343: entered the Gnomish Mines
 2730: attained the rank of Investigator (level 6)
 3135: reached Mine Town
 3206: killed by a soldier ant

Spells:
 Name                 Level Category     Fail Retention
 detect food            2   divination    76%  76%-100%

Skills:
 Fighting Skills
   bare handed combat [Unskilled]
   two weapon combat  [Unskilled]
   riding             [Unskilled]
 Weapon Skills
   dagger             [Unskilled]
   knife              [Unskilled]
   pick-axe           [Basic]
   short sword        [Unskilled]
   saber              [Unskilled]
   club               [Unskilled]
   quarterstaff       [Unskilled]
   sling              [Unskilled]
   dart               [Unskilled]
   boomerang          [Unskilled]
   whip               [Basic]
   unicorn horn       [Unskilled]
 Spellcasting Skills
   attack spells      [Unskilled]
   healing spells     [Unskilled]
   divination spells  [Unskilled]
   matter spells      [Unskilled]

Voluntary challenges:
 Character rerolling was not enabled.
 You never genocided any monsters.
 You never polymorphed an object.
 You never changed form.
 You used 2 wishes.
 You did not wish for any artifacts.
Achievements:
 You attained the rank of Field Worker.
 You entered a shop.
 You entered the Gnomish Mines.
 You attained the rank of Investigator.
 You entered Minetown.

 The Dungeons of Doom: levels 1 to 4
    Level 1:
       An altar to Camaxtli.
    Level 2:
    Level 3:
       A general store, a fountain.
    Level 4:
       Many fountains.
       Stairs down to The Gnomish Mines.
 The Gnomish Mines: levels 5 to 8
    Level 5:
    Level 6:
    Level 7:
    Level 8: <- You were here.
       Final resting place for
          you, killed by a soldier ant.


Vanquished creatures:
  a giant beetle
  3 wolves
  a giant spider
  a werewolf
  a jaguar
  2 fire ants
 an orc shaman
  a yellow light
  a giant ant
  a little dog
  a kobold shaman
  a hill orc
  3 rothes
  4 orc zombies
  a wererat
  2 werejackals
  5 killer bees
 an acid blob
  2 coyotes
  2 hobbits
  a hobgoblin
  2 cave spiders
  a gnome zombie
  a gecko
  5 jackals
  2 kobolds
  2 goblins
  2 sewer rats
  9 grid bugs
  a bat
  3 lichens
  3 kobold zombies
  9 newts
76 creatures vanquished.

No species were genocided or became extinct.

Game over:
                       ----------
                      /          \
                     /    REST    \
                    /      IN      \
                   /     PEACE      \
                  /                  \
                  |    DiePARTEI     |
                  |     3127 Au      |
                  |   killed by a    |
                  |   soldier ant    |
                  |                  |
                  |                  |
                  |       2026       |
                 *|     *  *  *      | *
        _________)/\\_//(\/(/\)/\//\/|_)_______

Goodbye DiePARTEI the Archeologist...

You died in The Gnomish Mines on dungeon level 8 with 5663 points,
and 3127 pieces of gold, after 3206 moves.
You were level 6 with a maximum of 43 hit points when you died.

